 Dungeon Crawl Stone Soup version 0.23-a0-4-g8f018a2 (webtiles) character file.

74 galech the Covered (level 4, 40/40 HPs)
             Began as a Minotaur Fighter on July 31, 2018.
             Quit the game on level 2 of the Dungeon.
             The game lasted 00:01:25 (1052 turns).

galech the Covered (Minotaur Fighter)               Turns: 1052, Time: 00:01:25

Health: 40/40      AC:  7    Str: 21    XL:     4   Next: 10%
Magic:  3/3        EV:  7    Int:  5    God:
Gold:   82         SH:  9    Dex: 10    Spells: 3/3 levels left

rFire    . . .     SeeInvis .   a - +0 war axe
rCold    . . .     Gourm    .   c - +0 shield
rNeg     . . .     Faith    .   b - +0 scale mail
rPois    .         Spirit   .   (helmet restricted)
rElec    .         Reflect  .   (no cloak)
rCorr    .         Harm     .   (no gloves)
MR       .....                  (no boots)
Stlth    ..........             (no amulet)
HPRegen  0.13/turn              (no ring)
MPRegen  0.08/turn              (no ring)

@: no status effects
A: retaliatory headbutt, horns 2
a: no special abilities


You were on level 2 of the Dungeon.
You were not hungry.

You visited 1 branch of the dungeon, and saw 2 of its levels.

You collected 82 gold pieces.

Inventory:

Hand Weapons
 a - a +0 war axe (weapon)
Armour
 b - a +0 scale mail (worn)
 c - a +0 shield (worn)
Jewellery
 m - a +2 ring of dexterity {unknown}
Scrolls
 e - 2 scrolls of identify {unknown}
 i - a scroll of teleportation {unknown}
 k - a scroll of remove curse {unknown}
 l - a scroll of fear {unknown}
Potions
 d - a potion of might
 h - a potion of ambrosia {unknown}
 j - a potion of curing {unknown}
Comestibles
 f - 4 rations
 g - 9 chunks of flesh


   Skills:
 + Level 4.1 Fighting
 + Level 3.8 Axes
 + Level 4.2 Armour
 + Level 0.5 Dodging
 + Level 4.2 Shields


You had 3 spell levels left.
You didn't know any spells.
Your spell library was empty.

Dungeon Overview and Level Annotations

Branches:
Dungeon (2/15)

Altars:
Xom


Innate Abilities, Weirdness & Mutations

You reflexively headbutt those who attack you in melee.
You have a pair of horns on your head.


Message History

You barely miss the rat.
You kill the rat!
No target in view!
No target in view!
No target in view!
No target in view!
No target in view!
No target in view!
No target in view!
No target in view!
No target in view!
No target in view!
No target in view!
No target in view!
No target in view!
No target in view!
You see here a rat corpse.
You butcher the rat corpse.
g - 9 chunks of flesh (gained 1) Are you sure you want to abandon this character and quit the game? (Confirm with "yes".)

########....>....#.#
.).. #.........#.#
##. ###.......#.# ..
#.......... .#
#........<. #
#.......... ..
#.......... ..
#.........#
#.@..(..#. #.......#
#....?.....
#.......#..
#######.... %#.. # .


There were no monsters in sight!

Vanquished Creatures
  3 gnolls (D:2)
  2 dart slugs (D:1)
  6 leopard geckos
  2 ball pythons (D:2)
  A giant cockroach (D:1)
  4 goblins
  2 hobgoblins (D:1)
  2 jackals (D:2)
  6 bats
  3 frilled lizards (D:1)
  4 kobolds
  5 rats
40 creatures vanquished.

Notes
Turn   | Place    | Note
-------+----------+-------------------------------------------
     0 | D:1      | galech the Minotaur Fighter began the quest for the Orb.
     0 | D:1      | Reached XP level 1. HP: 19/19 MP: 0/0
   234 | D:1      | Reached XP level 2. HP: 25/27 MP: 1/1
   808 | D:2      | Reached XP level 3. HP: 33/33 MP: 2/2
   886 | D:2      | Reached XP level 4. HP: 37/40 MP: 3/3
   921 | D:2      | Found a shimmering altar of Xom.
  1052 | D:2      | Quit the game

Vault maps used:
D:1:      matt_arrival_los_fun
D:2:      nicolae_overflow_hidden_temple, overflow_temple_1_default,
          first_ration, minmay_parallelograms, minivault_25

Skill      XL: |  1  2  3 |
---------------+----------+-----
Armour         | 4 |  4.2
Axes           | 3 |  3.8
Shields        | 4 |  4.2
Fighting       | 4 |  4.1
Dodging        | |  0.5

Action                   |  1- 3 |  4- 6 || total
-------------------------+-------+-------++-------
Melee: War axe           |    76 |    11 ||    87
       Headbutt          |     9 |     2 ||    11
  Eat: Chunk             |       |     1 ||     1
Armor: Scale mail        |    35 |     4 ||    39
Dodge: Dodged            |    29 |     2 ||    31
Block: Shield            |    41 |    11 ||    52

Table legend:
 A = Spawn XP
 B = Non-spawn XP
 C = Spawn XP percentage of total XP
 D = Spawn monster count
 E = Non-spawn monster count
 F = Spawn count percentage of total count
 G = Total turns spent on level
                    A         B        C        D         E        F      G
               +---------+---------+-------+---------+---------+-------+---------
         Total |       0 |     107 |   0.0 |       0 |      40 |   0.0 |  1052
               +---------+---------+-------+---------+---------+-------+---------
           D:1 |       0 |      35 |   0.0 |       0 |      21 |   0.0 |   785
           D:2 |       0 |      72 |   0.0 |       0 |      19 |   0.0 |   267
               +---------+---------+-------+---------+---------+-------+---------
